Map: Invader LE

Players

capac

  • Race: Terran Terran
  • League: Gold

DonaldTrump - Winner!

  • Race: Zerg Zerg
  • League: Gold

VOD

Have the link to the VOD?

Description

Time

  • Played on: April 4, 2016, 10:44 a.m.
  • Length: 13:57
Show
View Real Time Build Order
Export as new Build Order

capac Terran 

Build Orders: MMM Bio 

Get SALT Encoding   

  12  0:01  SCV  
  13  0:13  SCV  
  14  0:19  Supply Depot  
  14  0:26  SCV  
  15  0:40  SCV  
  16  0:43  Barracks  
  16  0:46  Refinery  
  16  0:52  SCV  
  17  1:04  SCV  
  18  1:16  SCV  
  19  1:29  SCV  
  19  1:32  Reaper  
  21  1:36  Command Center  
  21  1:43  Orbital Command  
  21  1:52  Supply Depot  
  21  2:05  Marine  
  22  2:10  Factory  
  22  2:13  Refinery  
  22  2:17  SCV  
  23  2:35  SCV, Barracks Reactor  
  23  2:36  Barracks  
  24  2:48  SCV  
  24  2:50  Orbital Command  
  25  3:00  SCV  
  26  3:12  SCV  
  27  3:14  Factory Reactor  
  27  3:15  Starport  
  27  3:18  SCV  
  28  3:21  Marine x2  
  28  3:23  Barracks Tech Lab  
  28  3:24  SCV  
  31  3:36  SCV x2  
  31  3:39  Marine x2  
  35  3:44  Marine  
  36  3:50  Stimpack  
  36  3:56  Marine  
  37  4:04  Medivac x2  
  37  4:05  Marine x2  
  43  4:10  Refinery  
  43  4:14  Marine  
  43  4:15  Supply Depot  
  44  4:22  Factory Tech Lab  
  44  4:23  Marine x2  
  46  4:28  SCV x2  
  46  4:29  Barracks  
  48  4:40  Marine, SCV x2  
  48  4:43  Siege Tank  
  54  4:50  Refinery  
  54  4:54  Marine, Liberator x2  
  54  4:55  Marine  
  55  5:06  Marine  
  62  5:15  Command Center  
  62  5:36  Barracks Reactor  
  62  5:37  Engineering Bay, Barracks  
  62  5:40  Marine, SCV  
  62  5:42  SCV  
  62  5:43  Marine  
  62  5:45  Liberator  
  62  5:48  Siege Tank  
  62  5:58  Supply Depot  
  62  6:01  Marine x2  
  62  6:02  SCV x2  
  62  6:04  Marine  
  70  6:19  Marine x2  
  70  6:22  Marine  
  73  6:27  Siege Tank  
  73  6:28  Marine x2  
  79  6:37  Marine x2  
  79  6:38  Supply Depot  
  81  6:40  Marine  
  81  6:43  Barracks Reactor  
  81  6:49  Missile Turret  
  81  6:56  Medivac x2  
  81  6:59  Siege Tank  
  88  7:02  Marine x4  
  88  7:05  Combat Shields  
  92  7:08  SCV  
  92  7:11  SCV  
  94  7:21  SCV  
  95  7:23  SCV  
  95  7:26  Medivac x2  
  100  7:52  Marine  
  100  7:55  Supply Depot  
  101  7:58  Supply Depot  
  101  8:09  Terran Infantry Weapons Level 1, Armory  
  101  8:15  Barracks  
  101  8:16  Marine x2  
  101  8:17  Barracks, Marine x3, SCV x2  
  101  8:18  Orbital Command  
  108  8:29  SCV x2  
  108  8:32  Siege Tank  
  113  8:41  Medivac x2  
  115  8:45  Supply Depot x2  
  117  8:58  Missile Turret  
  117  8:59  Terran Ship Weapons Level 1  
  117  9:01  Engineering Bay  
  117  9:06  SCV x3  
  117  9:07  Supply Depot  
  120  9:18  SCV  
  121  9:27  Marine  
  121  9:28  Marine x6  
  121  9:29  Terran Infantry Armor Level 1  
  128  9:33  Supply Depot, Barracks Reactor  
  128  9:34  Barracks Reactor  
  128  9:35  Medivac x2  
  132  9:45  Marine  
  93  10:14  Marine x6  
  87  10:15  Marine x5  
  98  10:32  Marine x7  
  98  10:33  Marine x4  
  98  10:34  Siege Tank  
  112  10:39  Liberator x2  
  112  10:41  Supply Depot  
  112  10:42  SCV x2  
  114  10:43  SCV  
  114  10:49  Marine x2  
  115  10:50  Marine x6  
  115  10:51  Marine  
  115  10:52  Marine  
  115  10:53  Marine  
  115  10:54  SCV  
  133  11:07  Marine x3  
  133  11:08  Marine x6  
  133  11:09  Supply Depot  
  133  11:10  Marine x2  
  133  11:11  Terran Infantry Weapons Level 2  
  144  11:25  Command Center  
  144  11:40  Siege Tank  
  144  11:41  Marine x6  
  144  11:42  Marine  
  154  11:51  Marine x4  
  158  11:58  Marine  
  158  11:59  Marine x2, SCV x2  
  158  12:00  Refinery  
  111  12:31  Marine  
  111  12:32  Marine x8  
  111  12:33  Marine x2  
  122  12:43  Liberator  
  122  12:44  Liberator  
  122  12:49  Marine x3  
  122  12:50  Marine x7  
  132  12:54  Marine  
  139  13:07  Marine x4  
Show
View Real Time Build Order
Export as new Build Order

DonaldTrump Zerg - Winner!

Build Orders: Hatch First 

Get SALT Encoding   

  12  0:01  Drone  
  13  0:09  Drone  
  14  0:23  Overlord  
  14  0:42  Drone x3  
  17  0:53  Drone  
  18  1:02  Hatchery  
  17  1:06  Drone  
  18  1:16  Spawning Pool  
  18  1:18  Drone  
  18  1:27  Drone  
  19  1:46  Drone  
  20  1:51  Drone  
  21  2:00  Overlord  
  21  2:06  Queen, Extractor  
  22  2:13  Queen  
  22  2:15  Drone x2  
  27  2:23  Drone  
  28  2:34  Hatchery  
  27  2:44  Drone x2  
  27  2:50  Queen  
  30  2:51  Drone x2  
  30  2:58  Overlord x2  
  32  3:18  Drone x7  
  39  3:24  Queen  
  39  3:25  Queen  
  43  3:31  Drone  
  43  3:32  Overlord  
  44  3:45  Hatchery, Extractor, Drone x2  
  44  3:46  Extractor, Drone x2  
  45  3:51  Queen  
  45  3:55  Drone x2  
  49  3:56  Extractor  
  48  4:05  Drone  
  48  4:06  Drone x2  
  48  4:09  Drone x2  
  54  4:10  Drone x3  
  56  4:22  Drone x2  
  56  4:23  Extractor  
  57  4:30  Overlord  
  58  4:31  Drone  
  58  4:42  Lair  
  58  4:45  Overlord  
  58  4:46  Evolution Chamber  
  58  4:47  Queen, Evolution Chamber  
  58  4:54  Drone x3  
  58  4:55  Drone x2  
  58  4:56  Metabolic Boost  
  58  4:59  Baneling Nest, Drone  
  63  5:00  Drone x3  
  66  5:07  Drone  
  66  5:08  Drone x2  
  66  5:10  Queen  
  66  5:11  Drone  
  72  5:21  Zerg Melee Weapons Level 1  
  72  5:22  Zerg Ground Armor Level 1  
  72  5:24  Queen  
  74  5:33  Queen  
  76  5:49  Queen  
  78  5:55  Spore Crawler  
  77  6:07  Zergling x2  
  77  6:08  Zergling x4  
  80  6:12  Infestation Pit  
  80  6:13  Overlord x4  
  79  6:22  Overlord x2  
  79  6:33  Drone  
  79  6:34  Drone x14  
  94  6:41  Spore Crawler  
  94  6:42  Spore Crawler  
  94  6:43  Spore Crawler  
  94  6:44  Centrifical Hooks  
  91  6:49  Extractor  
  91  6:50  Extractor  
  91  6:51  Spore Crawler  
  88  6:59  Zergling x2  
  88  7:00  Zergling x18, Overlord  
  98  7:02  Hive  
  98  7:03  Pathogen Glands  
  98  7:07  Drone x3  
  101  7:09  Queen  
  103  7:18  Hatchery, Overlord x2  
  103  7:22  Zerg Ground Armor Level 2  
  102  7:26  Zerg Melee Weapons Level 2  
  102  7:45  Zergling x2  
  102  7:46  Zergling x4  
  102  7:50  Infestor x3  
  111  7:54  Zergling x24  
  123  8:00  Neural Parasite  
  123  8:17  Overlord x2  
  123  8:22  Infestor x3  
  123  8:23  Overlord x3, Extractor  
  123  8:24  Overlord x4  
  123  8:25  Extractor  
  127  8:48  Drone x4  
  128  8:49  Drone x8  
  128  8:53  Drone x5  
  128  8:55  Zergling x4, Infestor x3  
  150  8:56  Infestor  
  154  9:13  Zergling x4  
  154  9:15  Baneling x12  
  154  9:16  Baneling x5  
  156  9:21  Queen  
  158  9:30  Zergling x2  
  158  9:31  Zergling x22  
  169  9:37  Hatchery  
  169  9:43  Zergling x2  
  169  9:44  Zergling x8  
  174  9:46  Zerg Melee Weapons Level 3, Zerg Ground Armor Level 3  
  166  9:55  Zergling x10  
  166  9:56  Zergling x6  
  145  10:05  Burrow  
  131  10:20  Zergling x4  
  133  10:24  Zergling x2  
  133  10:25  Zergling x4  
  136  10:41  Zergling x2  
  136  10:42  Zergling x4  
  139  10:43  Infestor x6  
  139  10:44  Infestor  
  153  10:51  Queen x9  
  153  11:03  Zergling x12  
  159  11:05  Zergling x2  
  159  11:06  Zergling x2  
  159  11:08  Zergling x8  
  159  11:09  Zergling x12  
  171  11:14  Infestor x2  
  171  11:15  Infestor x3  
  181  11:20  Pneumatized Carapace  
  181  11:35  Zergling x4  
  183  11:59  Zergling x2  
  183  12:00  Zergling x28  
  183  12:01  Baneling x7  
  198  12:02  Baneling x28  
  198  12:03  Baneling x7  
  198  12:13  Zergling x2  
  198  12:14  Zergling x12  
  182  12:23  Zergling x10  
  170  12:43  Zergling x4  
  170  12:44  Zergling x2  
  173  12:50  Queen x3  
  173  12:51  Queen  
  181  12:52  Infestor x9  
  181  12:54  Spore Crawler  
  181  12:57  Spore Crawler  
  179  12:58  Drone  
  179  12:59  Drone x16  
  179  13:00  Spore Crawler  
  179  13:03  Spore Crawler  
  194  13:09  Spore Crawler  
  194  13:10  Spore Crawler  
  192  13:14  Spore Crawler  
  191  13:26  Spore Crawler  
Tags
 
Composition
MMM Bio
League
GoldGold
Matchup
TvZ
Add a new tag
Caveats
  • Supply blocks, unpowered buildings, or Contaminate may cause inaccurate times.
  • Supply counts are checked every 10 seconds.